 Dungeon Crawl Stone Soup version 0.23.2-1-ga50397a6bc (webtiles) character file.

Game seed: 4682782464361051448

89 Corto the Digger (level 4, -1/24 HPs)
             Began as a Gargoyle Earth Elementalist on May 19, 2019.
             Slain by a kobold
             ... wielding a +0 short sword
              (5 damage)
             ... on level 2 of the Dungeon.
             The game lasted 00:05:12 (2459 turns).

Corto the Digger (Gargoyle Earth Elementalist)      Turns: 2459, Time: 00:05:13

Health: -1/24      AC:  5    Str: 11    XL:     4   Next: 55%
Magic:  8/8        EV: 12    Int: 17    God:
Gold:   93         SH:  0    Dex: 10    Spells: 8/9 levels left

rFire    . . .     SeeInvis .   i - +0 whip
rCold    . . .     Gourm    .   (no shield)
rNeg     + . .     Faith    .   c - +0 robe
rPois    ∞         Spirit   .   (no helmet)
rElec    +         Reflect  .   (no cloak)
rCorr    .         Harm     .   (no gloves)
MR       .....                  (no boots)
Stlth    ++........             (no amulet)
HPRegen  0.08/turn              (no ring)
MPRegen  0.11/turn              (no ring)

@: no status effects
A: negative energy resistance 1, electricity resistance, unbreathing,
petrification resistance, rot immunity, AC +3
a: no special abilities


You were on level 2 of the Dungeon.
You were not hungry.

You visited 1 branch of the dungeon, and saw 2 of its levels.

You collected 93 gold pieces.

Inventory:

Hand Weapons
 e - a +0 dagger
 i - a +0 whip (weapon)
Missiles
 b - 134 stones (quivered)
Armour
 c - a +0 robe (worn)
Scrolls
 f - 2 scrolls of remove curse {unknown}
 g - a scroll of enchant armour {unknown}
 h - a scroll of identify {unknown}
Potions
 a - 3 potions of curing {unknown}
 j - a potion of cancellation {unknown}
Comestibles
 d - 4 rations
 k - 7 chunks of flesh


   Skills:
 - Level 1.5 Dodging
 - Level 2.1 Stealth
 + Level 3.3 Spellcasting
   Level 0.7 Transmutations
 + Level 5.1 Earth Magic


You had 8 spell levels left.
You knew the following spells:

 Your Spells              Type           Power        Failure   Level  Hunger
a - Sandblast             Erth           ###...       1%          1    None

Your spell library contained the following spells:

 Spells                   Type           Power        Failure   Level  Hunger
 Passwall                 Tmut/Erth      ##......     8%          2    ##.....
 Stone Arrow              Conj/Erth      ##....       19%         3    ###....
 Petrify                  Tmut/Erth      ##......     45%         4    ####...
 Lee's Rapid Deconstruct  Erth           ###.......   50%         5    ######.


Dungeon Overview and Level Annotations

Branches:
Dungeon (2/15)

Altars:
Makhleb
Wu Jian


Innate Abilities, Weirdness & Mutations

You are resistant to torment.
Your stone body is resilient. (AC +3)
You are immune to poison.
You resist negative energy. (rN+)
You are resistant to electric shocks. (rElec)
You can survive without breathing.
You are immune to petrification.
You are immune to rotting.


Message History

The kobold completely misses you.
You hit the kobold but do no damage. The kobold hits you but does no damage.
The kobold hits you with a +0 short sword.
You closely miss the kobold. The kobold misses you.
You completely miss the kobold. The rat bites you but does no damage.
The kobold hits you with a +0 short sword.
The rat bites you.
You hit the kobold but do no damage. The kobold closely misses you.
The rat twitches its whiskers.
The rat bites you.
You hit the kobold but do no damage.
The kobold hits you with a +0 short sword!
The rat closely misses you.
You closely miss the kobold.
The kobold hits you with a +0 short sword.
* * * LOW HITPOINT WARNING * * *
The rat bites you but does no damage.
You hit the kobold but do no damage.
The kobold hits you with a +0 short sword.
You die... ••••••• ••••••• █████████ █•••••••• █•••••••• ███████ █•••••••• █•••••████ █•••••••• ██████••••••••██ █•••••••• █••••∆••@K•••••• ████████• █•████••r•••••█• █••• █•█ █••••••••█ █•██ █•█ █••••••••█ █•██ █•█ █•••••████•█ █•██ █•█ █•••••█ █•█ █•██ █•█ █•••••█ █•█ █•██ █•█ █•••%•█ █•█ █•██ █•█ █•█ █•██

You could see a kobold and a rat.

Vanquished Creatures
  A hound (D:2)
  2 adders (D:2)
  A worm (D:2)
  A dart slug (D:1)
  A leopard gecko (D:2)
  4 bats
  3 giant cockroaches
  8 hobgoblins
  4 goblins
  7 kobolds
  5 rats
37 creatures vanquished.

Vanquished Creatures (others)
  5 toadstools (D:1)
5 creatures vanquished.

Grand Total: 42 creatures vanquished

Notes
Turn   | Place    | Note
-------+----------+-------------------------------------------
     0 | D:1      | Corto the Gargoyle Earth Elementalist began the quest for
                  | the Orb.
     0 | D:1      | Reached XP level 1. HP: 10/10 MP: 3/3
   554 | D:1      | Reached skill level 4 in Earth Magic
   554 | D:1      | Reached XP level 2. HP: 15/15 MP: 5/5
  1536 | D:2      | Reached XP level 3. HP: 19/19 MP: 6/6
  1544 | D:2      | Found an ornate altar of the Wu Jian Council.
  2087 | D:2      | Reached XP level 4. HP: 8/24 MP: 6/8
  2194 | D:2      | Reached skill level 5 in Earth Magic
  2338 | D:2      | Found a burning altar of Makhleb.
  2459 | D:2      | Slain by a kobold

Skill      XL: |  1  2  3  4 |
---------------+-------------+-----
Earth Magic    | 4 5 |  5.1
Spellcasting   | 3 |  3.3
Dodging        | |  1.5
Stealth        | |  2.1
Transmutations | |  0.7

Action                   |  1- 3 |  4- 6 || total
-------------------------+-------+-------++-------
Melee: Dagger            |    86 |       ||    86
       Unarmed           |     6 |       ||     6
       Whip              |    89 |    23 ||   112
 Cast: Sandblast         |     5 |     3 ||     8
 Stab: Sleeping          |     4 |       ||     4
  Eat: Chunk             |     4 |     1 ||     5
Armor: Robe              |    56 |    10 ||    66
Dodge: Dodged            |   124 |    21 ||   145
